 Dungeon Crawl Stone Soup version 0.29-a0-541-gaf1fc19f1b (webtiles) character file.

Game seed: 9783205833625263330

867 jlumianski the Chopper (level 8, -2/48 HPs)
             Began as a Gargoyle Fighter on June 3, 2022.
             Was an Initiate of Qazlal.
             Slain by a gnoll sergeant
             ... wielding a +0 trident of flaming
              (3 damage)
             ... on level 4 of the Dungeon.
             The game lasted 00:15:29 (4790 turns).

jlumianski the Chopper (Gargoyle Fighter)           Turns: 4790, Time: 00:15:31

Health: -2/48      AC: 24    Str: 21    XL:     8   Next: 3%
Magic:  17/17      EV:  7    Int: 10    God:    Qazlal [......]
Gold:   90         SH:  4    Dex:  9    Spells: 7/7 levels left

rFire   . . .      SeeInvis .   a - +1 war axe (protect)
rCold   . . .      Faith    .   c - +0 buckler
rNeg    + . .      Spirit   .   h - +0 chain mail
rPois   ∞          Reflect  .   (no helmet)
rElec   +          Harm     .   m - +0 cloak
rCorr   .          Rampage  .   e - +0 pair of gloves
Will    .....                   (no boots)
Stlth   ..........              (no amulet)
HPRegen 0.16/turn               o - ring of magical power
MPRegen 0.15/turn               (no ring)

@: under a protective aura
A: sickness immunity, AC +5, negative energy resistance 1, electricity
resistance, torment resistance 1, petrification resistance
a: Renounce Religion


You were on level 4 of the Dungeon.
You worshipped Qazlal.
Qazlal was noncommittal.
You visited 1 branch of the dungeon, and saw 6 of its levels.
You also visited: Sewer.

You collected 90 gold pieces.

Inventory:

Hand Weapons
 a - a +1 war axe of protection (weapon)
Missiles
 i - 93 stones (quivered)
 l - 6 silver javelins
Armour
 b - a +0 scale mail
 c - a +0 buckler (worn)
 e - a +0 pair of gloves (worn)
 h - a +0 chain mail (worn)
 m - a +0 cloak (worn)
Magical Staves
 j - a staff of earth
Jewellery
 o - a ring of magical power (left hand)
 q - a ring of resist corrosion
Wands
 t - a wand of flame (26)
Scrolls
 r - a scroll of torment {unknown}
 y - a scroll of enchant weapon
 z - a scroll of teleportation {unknown}
Potions
 d - 7 potions of might
 f - a potion of berserk rage {unknown}
 g - 2 potions of mutation {unknown}
 k - 2 potions of magic {unknown}
 n - 3 potions of curing {unknown}
 p - a potion of lignification {unknown}
 s - a potion of haste {unknown}
 u - a potion of ambrosia {unknown}
 v - 3 potions of heal wounds {unknown}
 w - a potion of resistance {unknown}
 x - a potion of invisibility {unknown}


   Skills:
 + Level 4.6 Fighting
 + Level 5.9 Axes
 + Level 0.9 Throwing
 + Level 5.2 Armour
 + Level 1.3 Dodging
 + Level 0.1 Stealth
 + Level 4.5 Shields


You had 7 spell levels left.
You didn't know any spells.
Your spell library contained the following spells:

 Spells                   Type           Power      Damage    Failure   Level
 Foxfire                  Conj/Fire      0%         2x1d4     99%         1
 Magic Dart               Conj           0%         1d3       99%         1
 Ensorcelled Hibernation  Hex/Ice        0%         N/A       99%         2
 Passwall                 Tmut/Erth      0%         N/A       99%         2
 Conjure Flame            Conj/Fire      0%         6-21      100%        3
 Inner Flame              Hex/Fire       0%         N/A       100%        3
 Swiftness                Air            0%         N/A       100%        3
 Animate Dead             Necr           0%         N/A       100%        4
 Flame Wave               Conj/Fire      0%         2d4       100%        4
 Haunt                    Necr/Summ      0%         N/A       100%        7
 Infestation              Necr           0%         N/A       100%        8


Dungeon Overview and Level Annotations

Branches:
Dungeon (6/15)              Sewer (visited)
 Temple: D:4-7

Altars:
Fedhas
Hepliaklqana
Kikubaaqudgha
Qazlal

Shops:
D:1 *   D:2 ([!*(


Innate Abilities, Weirdness & Mutations

You are immune to sickness and miasma.
Your stone body is resilient. (AC +5)
You are immune to poison.
You resist negative energy. (rN+)
You are resistant to electric shocks. (rElec)
You are resistant to unholy torment.
You are immune to petrification.


Message History

The black bear claws you but does no damage.
The black bear claws you.
You closely miss the black bear.
The black bear is almost dead.
You block the black bear's attack. x2; The black bear claws you.
The black bear bites you but does no damage.
The black bear claws you but does no damage.
The black bear barely misses you.
You slash the black bear!
You kill the black bear!
Qazlal accepts your kill.
You have reached level 8!
You feel clever.
There is a stone staircase leading up here.
i - 93 stones (gained 21)
Found 14 gold pieces.
A gnoll comes into view. It is wielding a +0 flail.
The gnoll sergeant shouts!
The gnoll shouts!
You hear a shout!
The gnoll shouts! x2; You hear a shout!
The gnoll sergeant barely misses you.
There is a stone staircase leading up here.
A gnoll comes into view. It is wielding a +0 flail.
There is a stone staircase leading up here.
You block the gnoll sergeant's attack.
You climb upwards.
There is a stone staircase leading down here.
You completely miss the gnoll sergeant.
The gnoll sergeant completely misses you.
You barely miss the gnoll sergeant.
The gnoll sergeant hits you with a +0 trident of flaming!
* * * LOW HITPOINT WARNING * * *
The gnoll sergeant burns you.
* * * LOW HITPOINT WARNING * * *
You slash the gnoll sergeant!
Your weapon exudes an aura of protection.
The gnoll sergeant is heavily wounded.
The gnoll sergeant hits you with a +0 trident of flaming!
* * * LOW HITPOINT WARNING * * *
The gnoll sergeant burns you.
You die...

##'## #........#
#.# ##.......#
#.########.#####
##.##.......#
##...........#
#.......#.#.##
##...#..#.#.#
...######.##......#
#.....@g<......###
################


You could see a gnoll sergeant.

Vanquished Creatures
  An ice beast (D:4)
  A sky beast (D:3)
  A black bear (D:5)
  An ogre (D:4)
  2 phantoms
  2 jellies (Sewer)
  2 hounds
  An iguana (D:4)
  A gnoll (D:1)
  11 adders
  A river rat (Sewer)
  2 worms (D:2)
  2 dart slugs
  3 orcs
  8 ball pythons
  5 bats
  18 endoplasms
  5 giant cockroaches
  6 hobgoblins
  2 jackals (D:1)
  3 quokkas (D:4)
  8 frilled lizards
  7 goblins
  4 kobolds
  13 rats
110 creatures vanquished.

Vanquished Creatures (others)
  A fungus (D:1)
  7 plants (D:3)
  4 withered plants (D:3)
12 creatures vanquished.

Grand Total: 122 creatures vanquished

Notes
Turn   | Place    | Note
-------+----------+-------------------------------------------
     0 | D:1      | jlumianski the Gargoyle Fighter began the quest for the
                  | Orb.
     0 | D:1      | Reached XP level 1. HP: 14/14 MP: 1/1
    84 | D:2      | Identified the +1 robe of the Trees {Harm rC+}
   153 | D:1      | Found Dizxixa's Assorted Antiques.
   275 | D:1      | Reached XP level 2. HP: 19/19 MP: 2/2
   440 | D:2      | Reached XP level 3. HP: 14/23 MP: 3/3
   963 | D:1      | Found a faded altar of an unknown god.
   980 | D:1      | Got Plato's Tome of Battle Magic
  1382 | D:2      | Found Dearat's Assorted Antiques.
  1410 | D:2      | Found Igienud's Distillery.
  1463 | D:2      | Found Mephoet's Antique Weapon Emporium.
  1587 | D:2      | Reached XP level 4. HP: 28/28 MP: 4/4
  1723 | D:2      | Found Agoben's Weapon Shoppe.
  1780 | D:2      | Found Otat's Antique Armour Shop.
  1946 | D:3      | Noticed a centaur
  2177 | D:3      | Reached XP level 5. HP: 25/32 MP: 5/5
  2378 | D:3      | Found a blossoming altar of Fedhas.
  2398 | D:3      | Found an ancient bone altar of Kikubaaqudgha.
  2846 | D:4      | Noticed a sky beast
  2862 | D:3      | Killed a sky beast
  2863 | D:3      | Reached XP level 6. HP: 28/38 MP: 6/6
  2976 | D:4      | Found a hazy altar of Hepliaklqana.
  3212 | D:4      | Found a glowing drain.
  3233 | Sewer    | Entered a sewer
  3314 | Sewer    | Reached skill level 1 in Dodging
  3695 | Sewer    | Found a viscous altar of Jiyva.
  3754 | Sewer    | Reached XP level 7. HP: 43/43 MP: 7/7
  3980 | D:4      | You fall into a shaft and drop 2 floors!
  4001 | D:5      | Entered Level 5 of the Dungeon
  4040 | D:4      | Reached skill level 5 in Axes
  4061 | D:5      | Found a stormy altar of Qazlal.
  4069 | D:5      | Became a worshipper of Qazlal Stormbringer
  4376 | D:4      | Reached skill level 5 in Armour
  4765 | D:5      | Reached XP level 8. HP: 16/48 MP: 8/8
  4790 | D:4      | HP: 1/48 [gnoll sergeant/+0 trident of flaming (8)]
  4790 | D:4      | Slain by a gnoll sergeant

Illustrated notes

Levels and vault maps discovered:
D:1:      scummos_arrival_checkerplants, layout_loops_ring,
          shapermc_ecumenical_altar_rom_forum, serial_shops, shop, minivault_11,
          grunt_decor_one_mirror
D:2:      layout_loops_cross, serial_shops, nicolae_shop_hallway_plus, shop,
          nicolae_lakefront_shop, nicolae_lakefront_shop,
          nicolae_shop_bloodbath_and_beyond, bh_walls_and_bars
D:3:      layout_loops_ring, grunt_temple_overflow_growth_and_decay,
          chequers_serial_rivers_micro_c, lightli_corner_chamber
D:4:      layout_loops_corners, mainiacjoe_overflow_cross_hatched,
          portal_sewer_entry_f
D:5:      layout_cave_pools, grunt_qazlal_clouds, jmf_multi_god_temple2,
          uniq_blork_the_orc
D:6:      layout_basic, mainiacjoe_overflow_alcove_1, nemelex_altar_shiori,
          minmay_temple_entry_overgrown, gammafunk_ghost_abyssal_escape

Skill      XL: |  1  2  3  4  5  6  7 |
---------------+----------------------+-----
Axes           | 2 3 4 5 |  5.9
Armour         | 4 5 |  5.2
Shields        | 4 |  4.5
Fighting       | 4 |  4.6
Dodging        | 1 |  1.3
Throwing       | |  0.9
Stealth        | |  0.1

Action                   |  1- 3 |  4- 6 |  7- 9 || total
-------------------------+-------+-------+-------++-------
Melee: War axe           |   105 |   166 |    85 ||   356
Throw: Stone             |    10 |    24 |       ||    34
  Use: Scroll            |       |     3 |       ||     3
Armor: Scale mail        |    16 |       |       ||    16
       Chain mail        |    61 |   102 |    97 ||   260
Dodge: Dodged            |    57 |    51 |    51 ||   159
Block: Buckler           |    29 |    42 |    27 ||    98

Table legend: (Time is in decaauts)
 A = Elapsed time spent in this place.
 B = Non-inter-level travel time spent in this place.
 C = Inter-level travel time spent in this place.
 D = Time resting spent in this place.
 E = Time spent auto-exploring this place.
 F = Levels seen in this place.
 G = Mean time per level.
                   A        B        C        D        E       F      G
               +--------+--------+--------+--------+--------+-----+--------+
         Total |   4962 |   4853 |    109 |    227 |   2916 |   7 |  708.9 |
       Dungeon |   4325 |   4216 |    109 |    227 |   2551 |   6 |  720.8 |
         Sewer |    636 |    636 |      0 |      0 |    365 |   1 |  636.0 |
               +--------+--------+--------+--------+--------+-----+--------+

Top non-repeatable levels by time:
     D:3: 1156 daAuts
     D:4: 1150 daAuts
     D:1: 1059 daAuts
     D:2: 806 daAuts
   Sewer: 636 daAuts
     D:5: 132 daAuts
     D:6: 20 daAuts
